 Dungeon Crawl Stone Soup version 0.21-a0-525-ga34b322 (webtiles) character file.

4450 solxrula the Basher (level 10, -9/105 HPs)
             Began as a Troll Berserker on Dec 7, 2017.
             Was an Elder of Trog.
             Mangled by a seven-headed hydra (11 damage)
             ... on level 10 of the Dungeon.
             The game lasted 00:33:36 (6717 turns).

solxrula the Basher (Troll Berserker)               Turns: 6717, Time: 00:33:37

Health: -9/105     AC:  6    Str: 29    XL:     10   Next: 15%
Magic:  9/9        EV: 11    Int:  3    God:    Trog [****..]
Gold:   687        SH:  0    Dex: 10    Spells: 9/9 levels left

rFire    . . .     SeeInvis .   e - +2 flail (holy)
rCold    + . .     Gourm    +   (no shield)
rNeg     . . .     Faith    .   b - +1 animal skin
rPois    .         Spirit   .   (helmet restricted)
rElec    .         Reflect  .   (no cloak)
rCorr    .         Harm     .   (gloves unavailable)
MR       .....                  (boots unavailable)
Stlth    +.........             (no amulet)
HPRegen  0.67/turn              i - ring of ice
MPRegen  0.11/turn              (no ring)

@: lethally poisoned (-9 -> -10), about to teleport, berserk cooldown, slowed,
very slow
A: large, unfitting armour, claws 3, horns 1, blink, fire resistance 1, fast
metabolism 3, gourmand, regeneration 1, robust 1, shaggy fur 1, tough skin 2
a: Blink, Berserk, Trog's Hand, Brothers in Arms, Burn Spellbooks, Renounce
Religion


You were on level 10 of the Dungeon.
You worshipped Trog.
Trog was greatly pleased with you.
You were not hungry.

You visited 1 branch of the dungeon, and saw 10 of its levels.

You collected 687 gold pieces.

Inventory:

Hand Weapons
 e - a +2 flail of holy wrath (weapon)
 o - a +3 flail
Armour
 b - a +1 animal skin (worn)
Jewellery
 i - a ring of ice (left claw)
Wands
 h - a wand of polymorph (10)
 r - a wand of digging (13)
 s - a wand of acid (10)
 t - a wand of iceblast (9)
Scrolls
 a - a scroll of magic mapping
 f - 5 scrolls of remove curse
 g - 2 scrolls of teleportation
 j - 2 scrolls of identify
Potions
 k - a potion of cancellation
Books
 d - the Almanac of Shifting Attacks
   (You found it on level 4 of the Dungeon)

   Spells                             Type                      Level
   a - Shock                          Conjuration/Air              1
   b - Mephitic Cloud                 Conjuration/Poison/Air       3
   c - Petrify                        Transmutation/Earth          4
   d - Irradiate                      Conjuration/Transmutation    5
   e - Spellforged Servitor           Conjuration/Summoning        7
   Trog disapproves of the use of such an item.
 n - a book of Misfortune

   Spells                             Type                      Level
   a - Confusing Touch                Hexes                        1
   b - Confuse                        Hexes                        3
   c - Gell's Gravitas                Translocation                3
   d - Petrify                        Transmutation/Earth          4
   e - Metabolic Englaciation         Hexes/Ice                    5
   f - Yara's Violent Unravelling     Hexes/Transmutation          5
   Trog disapproves of the use of such an item.
 p - a book of Conjurations

   Spells                             Type                      Level
   a - Magic Dart                     Conjuration                  1
   b - Searing Ray                    Conjuration                  2
   c - Dazzling Spray                 Conjuration/Hexes            3
   d - Fulminant Prism                Conjuration/Hexes            4
   e - Force Lance                    Conjuration/Translocation    4
   f - Iskenderun's Mystic Blast      Conjuration                  4
   Trog disapproves of the use of such an item.
Comestibles
 c - 6 bread rations
 l - a fruit
 m - 2 royal jellies


   Skills:
 + Level 5.5 Fighting
 * Level 11.3 Maces & Flails
 + Level 5.1 Dodging
 + Level 1.1 Stealth
 + Level 0.3 Evocations


You had 9 spell levels left.
You didn't know any spells.

Dungeon Overview and Level Annotations

Branches:
Dungeon (10/15)            Temple (0/1) D:7             Orc (0/2) D:9
   Lair: D:8-11

Altars:
Ashenzari
Sif Muna

Shops:
D:6 %   D:9 %

Annotations:
D:7 2 runed doors
D:8 Psyche


Innate Abilities, Weirdness & Mutations

You are too large for most types of armour.
You have claws for hands.
Your metabolism is lightning-fast.
You like to eat raw meat.
Your natural rate of healing is unusually fast.
You are covered in fur. (AC +1)
You have very tough skin. (AC +2)
You have a pair of small horns on your head.
You can translocate small distances at will.
Your flesh is heat resistant. (rF+)
You are robust. (+10% HP)


Message History

The seven-headed hydra closely misses you. x2
The seven-headed hydra bites you!
As you read the scroll of teleportation, it crumbles to dust.
You feel strangely unstable.
The seven-headed hydra barely misses you.
The seven-headed hydra closely misses you.
The seven-headed hydra bites you but does no damage.
The seven-headed hydra misses you.
The seven-headed hydra closely misses you.
The seven-headed hydra bites you! x2
* * * LOW HITPOINT WARNING * * *
The seven-headed hydra barely misses you.
The seven-headed hydra bites you!
* * * LOW HITPOINT WARNING * * *
The seven-headed hydra bites you!
* * * LOW HITPOINT WARNING * * *
The seven-headed hydra bites you.
* * * LOW HITPOINT WARNING * * *
The seven-headed hydra bites you!
You die...

+.# ##+ #.'. #.###.# .#.# .
.##...# ..# ..
#.###'#####'### ...
#.#⌠...⌠#.!...# ....
#.#..#..#.=|".# .....
#.'.###.'J|.|.+
......####.#..#.Z#.})=.#
........@D.#⌠..Z⌠#.....#
#........###..###D#####'###
#........# #..#.....# .D.
#........# #..#..#..#. #..#
#........# #..'..t..'.#
#aZ. #>.......#
#..#..#..#.# .#. #........#
#..#.....#... #........#
#..###'### #'# #....<...#
#........ ..


You could see a seven-headed hydra.

Vanquished Creatures
  Pikel (D:4)
  A troll (D:10)
  A meliai (D:7)
  Grinder (D:4)
  Sigmund (D:3)
  Menkaure (D:4)
  An acid dragon (D:10)
  A water moccasin (D:7)
  An ice beast (D:9)
  A black bear (D:8)
  2 orc warriors
  3 ogres
  2 centaurs
  A crocodile (D:10)
  3 bullfrogs
  2 scorpions
  A water moccasin skeleton (D:10)
  6 killer bees (D:9)
  5 wights (D:6)
  4 howler monkeys
  2 crimson imps
  2 hounds (D:9)
  A jelly (D:10)
  2 bullfrog skeletons
  3 orc priests
  A centaur skeleton (D:6)
  6 orc wizards
  Jessica (D:3)
  3 iguanas
  6 worker ants
  A hound zombie (D:4)
  A hound skeleton (D:4)
  3 worker ant zombies
  Robin (D:3)
  10 adders
  An ooze (D:4)
  2 adder zombies
  4 leopard geckos
  33 orcs
  A ball python (D:7)
  11 bats
  4 giant cockroaches
  10 goblins
  17 hobgoblins
  7 jackals
  5 quokkas
  2 frilled lizards
  6 kobolds
  A leopard gecko skeleton (D:6)
  2 leopard gecko zombies
  A quokka skeleton (D:4)
  5 rats
194 creatures vanquished.

Vanquished Creatures (others)
  A slave (D:4)
  A worker ant (D:4)
2 creatures vanquished.

Grand Total: 196 creatures vanquished

Notes
Turn   | Place    | Note
-------+----------+-------------------------------------------
     0 | D:1      | solxrula the Troll Berserker began the quest for the Orb.
     0 | D:1      | Reached XP level 1. HP: 22/22 MP: 0/0
    85 | D:1      | Reached skill level 3 in Maces & Flails
   102 | D:1      | Found a shattered altar of Ashenzari.
   158 | D:1      | Reached XP level 2. HP: 29/29 MP: 1/1
   633 | D:2      | Reached XP level 3. HP: 36/36 MP: 2/2
   762 | D:2      | Reached ** piety under Trog
  1296 | D:3      | Reached XP level 4. HP: 43/44 MP: 3/3
  1302 | D:3      | Reached skill level 4 in Maces & Flails
  1370 | D:3      | Noticed Sigmund
  1378 | D:3      | Killed Sigmund
  1378 | D:3      | Reached skill level 5 in Maces & Flails
  1378 | D:3      | Reached XP level 5. HP: 53/53 MP: 4/4
  1378 | D:3      | Reached XP level 6. HP: 61/61 MP: 5/5
  1449 | D:3      | Noticed Jessica
  1464 | D:3      | Killed Jessica
  1716 | D:3      | Noticed Robin
  1740 | D:3      | Killed Robin
  1816 | D:3      | Gained mutation: You are robust. (+10% HP) [potion of mutation]
  1816 | D:3      | Gained mutation: Your flesh is heat resistant. (rF+) [potion of mutation]
  1816 | D:3      | Gained mutation: You have a pair of small horns on your head. [potion of mutation]
  1816 | D:3      | Gained mutation: You can translocate small distances at will. [potion of mutation]
  1856 | D:4      | Reached *** piety under Trog
  1887 | D:4      | Noticed a slave
  1887 | D:4      | Noticed a slave
  1888 | D:4      | Noticed Pikel
  1897 | D:4      | Killed Pikel
  1897 | D:4      | Reached skill level 7 in Maces & Flails
  1897 | D:4      | Reached XP level 7. HP: 73/73 MP: 6/6
  1995 | D:4      | Identified the Almanac of Shifting Attacks
  2089 | D:4      | Noticed Grinder
  2102 | D:4      | Noticed Menkaure
  2128 | D:4      | Killed Menkaure
  2128 | D:4      | Reached skill level 8 in Maces & Flails
  2128 | D:4      | Reached XP level 8. HP: 85/85 MP: 7/7
  2164 | D:4      | Killed Grinder
  2473 | D:5      | Entered Level 5 of the Dungeon
  2480 | D:5      | Reached skill level 9 in Maces & Flails
  2801 | D:5      | Reached **** piety under Trog
  3250 | D:6      | Found Bigruh's Food Shoppe.
  3272 | D:6      | Reached XP level 9. HP: 82/92 MP: 8/8
  3498 | D:6      | Reached skill level 10 in Maces & Flails
  3762 | D:7      | Noticed an orb spider
  3762 | D:7      | a hippogriff changed into an orb spider
  3763 | D:7      | Noticed a rime drake
  3763 | D:7      | an orb spider changed into a rime drake
  3764 | D:7      | a rime drake changed into a basilisk
  3850 | D:7      | Found a runed door.
  3863 | D:7      | Found a runed door.
  4027 | D:7      | Found a staircase to the Ecumenical Temple.
  4027 | D:7      | Found a faded altar of an unknown god.
  4166 | D:7      | Noticed a meliai
  4170 | D:7      | Killed a meliai
  4173 | D:7      | HP: 7/142 [poisoned by a meliai]
  4176 | D:7      | HP: 3/95 [poisoned by a meliai]
  4181 | D:7      | HP: 3/95 [poisoned by a meliai]
  4626 | D:8      | Noticed Psyche
  4756 | D:8      | Found a deep blue altar of Sif Muna.
  4768 | D:8      | Reached skill level 5 in Fighting
  5491 | D:9      | Found a staircase to the Orcish Mines.
  5645 | D:9      | Found Joibleni's Food Boutique.
  5680 | D:9      | Reached skill level 11 in Maces & Flails
  5765 | D:9      | Reached skill level 1 in Stealth
  6001 | D:9      | HP: 3/96 [poisoned by a killer bee]
  6003 | D:9      | HP: 1/96 [poisoned by a killer bee]
  6308 | D:9      | Reached XP level 10. HP: 104/105 MP: 9/9
  6455 | D:10     | Entered Level 10 of the Dungeon
  6479 | D:10     | Noticed a four-headed hydra
  6479 | D:10     | Noticed a seven-headed hydra
  6479 | D:10     | Noticed a green ugly thing
  6501 | D:10     | Reached skill level 5 in Dodging
  6717 | D:10     | HP: 2/105 [seven-headed hydra (5)]
  6717 | D:10     | Mangled by a seven-headed hydra

Vault maps used:
D:1:      saegor_arrival_fortress, ashenzari_altar_1
D:2:      minmay_cut_off
D:3:      first_bread, uniq_jessica, uniq_robin, uniq_sigmund
D:4:      uniq_grinder, uniq_menkaure, uniq_pikel
D:6:      serial_shops, nicolae_shop_stone
D:7:      lemuel_insect_pit, nicolae_temple_entry_ecumenical
D:8:      kennysheep_mini_moat, uniq_psyche
D:9:      orc_0_dummy, serial_shops, shop
D:10:     minmay_the_grid_square_5x5_3x3, grunt_livestock,
          small_statue_intersection, uniq_nergalle

Skill      XL: |  1  2  3  4  5  6  7  8  9 10 |
---------------+-------------------------------+-----
Maces & Flails | 3 5 7 8 9 11 | 11.3
Fighting       | 3 4 5 |  5.5
Dodging        | 3 4 5 |  5.1
Stealth        | 1 |  1.1
Evocations     | |  0.3

Action                   |  1- 3 |  4- 6 |  7- 9 | 10-12 || total
-------------------------+-------+-------+-------+-------++-------
Melee: Mace              |   133 |   101 |       |       ||   234
       Headbutt          |       |     5 |    68 |     4 ||    77
       Flail             |       |       |   333 |    26 ||   359
Invok: Berserk           |       |     3 |     5 |     1 ||     9
Evoke: Wand              |       |       |     5 |     1 ||     6
  Use: Scroll            |     7 |     2 |     9 |     2 ||    20
       Potion            |     4 |     2 |     8 |       ||    14
 Stab: Sleeping          |     3 |       |     1 |       ||     4
  Eat: Chunk             |    13 |    10 |    35 |     1 ||    59
       Bread ration      |       |       |     1 |     1 ||     2
Armor: Animal skin       |    60 |    24 |    71 |     7 ||   162
Dodge: Dodged            |    70 |    38 |   154 |    20 ||   282

Table legend:
 A = Spawn XP
 B = Non-spawn XP
 C = Spawn XP percentage of total XP
 D = Spawn monster count
 E = Non-spawn monster count
 F = Spawn count percentage of total count
 G = Total turns spent on level
                    A         B        C        D         E        F      G
               +---------+---------+-------+---------+---------+-------+---------
         Total |       0 |    6358 |   0.0 |       0 |     194 |   0.0 |  6717
               +---------+---------+-------+---------+---------+-------+---------
           D:1 |       0 |      34 |   0.0 |       0 |      21 |   0.0 |   564
           D:2 |       0 |      62 |   0.0 |       0 |      20 |   0.0 |   723
           D:3 |       0 |     389 |   0.0 |       0 |      31 |   0.0 |   556
           D:4 |       0 |    1656 |   0.0 |       0 |      34 |   0.0 |   630
           D:5 |       0 |     501 |   0.0 |       0 |      18 |   0.0 |   762
           D:6 |       0 |     881 |   0.0 |       0 |      22 |   0.0 |   525
           D:7 |       0 |     615 |   0.0 |       0 |      12 |   0.0 |   860
           D:8 |       0 |     423 |   0.0 |       0 |       9 |   0.0 |   836
           D:9 |       0 |    1026 |   0.0 |       0 |      19 |   0.0 |   999
          D:10 |       0 |     771 |   0.0 |       0 |       8 |   0.0 |   262
               +---------+---------+-------+---------+---------+-------+---------
